Map: Abyssal Reef LE

Players

StarWolf

  • Race: Zerg Zerg
  • League: Silver
  • Spawn Location: 5:00

Juxtapose - Winner!

  • Race: Terran Terran
  • Spawn Location: 11:00

VOD

https://youtu.be/tH8Gy2fg624

Description

My opponent did a clever first expansion located away from his natural, something I've been known to do from time to time. Luckily for me, my Reapers were going in that direction to loop around to his main and stumbled upon it.

Time

  • Played on: June 1, 2017, 8:56 p.m.
  • Length: 9:28
Show
View Real Time Build Order
Export as new Build Order

StarWolf Zerg 

Build Orders: Pool First 

Get SALT Encoding   

  12  0:02  Drone  
  13  0:11  Drone  
  14  0:26  Spawning Pool  
  13  0:31  Drone  
  14  0:46  Overlord  
  14  0:49  Overlord  
  14  1:05  Drone x2  
  14  1:08  Drone  
  17  1:19  Drone  
  17  1:22  Extractor  
  17  1:29  Extractor  
  17  1:30  Drone  
  17  1:31  Queen  
  19  1:43  Drone  
  20  1:54  Drone  
  21  2:05  Drone  
  22  2:09  Hatchery  
  22  2:13  Drone  
  22  2:17  Lair  
  22  2:27  Drone  
  23  2:38  Drone  
  23  2:39  Roach Warren  
  23  2:46  Drone x3  
  23  2:50  Drone  
  27  3:20  Hatchery  
  27  3:21  Queen  
  27  3:23  Drone  
  29  3:28  Glial Reconstitution  
  29  3:37  Drone  
  30  3:47  Evolution Chamber  
  29  3:50  Evolution Chamber  
  28  3:57  Drone x2  
  30  4:03  Spine Crawler  
  30  4:05  Spine Crawler  
  28  4:10  Roach  
  30  4:30  Drone x2  
  30  4:35  Drone x3  
  33  4:44  Drone  
  34  4:47  Roach x4  
  42  4:57  Zerg Missile Weapons Level 1  
  42  5:01  Zerg Ground Armor Level 1  
  42  5:07  Overlord  
  42  5:09  Overlord  
  42  5:27  Drone  
  43  5:46  Hydralisk Den  
  42  5:54  Drone x3  
  42  5:55  Drone x2  
  47  6:06  Drone x6  
  53  6:12  Hatchery  
  53  6:14  Spine Crawler  
  53  6:15  Spine Crawler  
  50  6:21  Extractor  
  50  6:24  Extractor  
  48  6:27  Hydralisk  
  48  6:28  Hydralisk x2  
  52  7:08  Overlord x3  
  52  7:10  Overlord  
  52  7:27  Hydralisk x4  
  52  7:29  Zergling x2  
  61  7:30  Zergling x2  
  44  8:01  Roach x6  
  48  8:28  Roach  
  48  8:29  Roach x3  
  48  8:30  Roach  
  58  8:41  Roach x2  
  58  8:42  Roach x3  
  68  8:57  Overlord  
Show
View Real Time Build Order
Export as new Build Order

Juxtapose Terran - Winner!

Build Orders: MMM Bio 

Get SALT Encoding   

  12  0:01  SCV  
  13  0:13  SCV  
  14  0:19  Supply Depot  
  14  0:25  SCV  
  15  0:45  SCV  
  15  0:49  Barracks  
  16  0:57  SCV  
  17  1:05  Refinery  
  17  1:09  SCV  
  17  1:10  Barracks  
  18  1:17  Supply Depot  
  18  1:21  SCV  
  19  1:34  SCV  
  19  1:37  Marine  
  21  1:43  Refinery  
  21  1:46  SCV  
  22  1:58  Barracks Reactor  
  22  2:02  SCV  
  23  2:14  SCV  
  23  2:15  Barracks Tech Lab  
  24  2:29  SCV  
  25  2:32  Command Center  
  25  2:34  Reaper x2  
  27  2:38  Marine  
  28  2:55  Marine  
  29  3:06  Reaper  
  29  3:10  Orbital Command  
  30  3:15  Marine  
  31  3:22  Supply Depot  
  31  3:27  Factory  
  31  3:32  Engineering Bay  
  31  3:43  Marine x3  
  34  4:01  Marine x3  
  36  4:04  Orbital Command  
  36  4:08  SCV  
  37  4:19  Marine x3  
  37  4:20  SCV  
  39  4:32  SCV  
  39  4:37  Marauder  
  42  4:43  Factory Tech Lab  
  42  4:44  SCV  
  43  4:47  Supply Depot  
  43  4:53  Starport  
  43  4:54  Terran Infantry Weapons Level 1  
  43  4:59  Marauder  
  45  5:02  Marine x2  
  47  5:10  Stimpack  
  47  5:12  Siege Tank  
  50  5:20  Marauder  
  52  5:28  Refinery  
  52  5:32  Starport Reactor  
  52  5:37  Supply Depot  
  52  5:39  Marine  
  52  5:40  Marine  
  52  5:41  Marauder  
  56  5:44  Siege Tank  
  59  5:57  Marine x2  
  61  6:12  SCV  
  61  6:13  SCV  
  63  6:20  Siege Tank, Marine x2  
  63  6:21  Marine  
  63  6:25  SCV  
  70  6:56  SCV  
  70  6:57  Supply Depot  
  70  7:05  Terran Infantry Armor Level 1  
  70  7:10  Combat Shields  
  70  7:19  Medivac x2, Marine x3, SCV  
  70  7:21  Supply Depot  
  78  7:24  Refinery  
  78  7:39  SCV  
  78  7:41  Marine  
  78  7:42  SCV  
  78  7:43  Marauder  
  78  7:51  SCV  
  75  8:04  Marauder  
  75  8:05  Medivac x2  
  79  8:07  Marine x2  
  83  8:25  Marine  
  83  8:26  Marauder  
  83  8:35  Medivac  
  83  8:40  Marine  
  86  8:49  Supply Depot  
  86  9:03  Marine  
  85  9:14  Supply Depot  
Tags
 
Composition
MMM Bio
League
Silver
Matchup
TvZ
Opening
Pool First
Spawn Locations
Cross Positions
Add a new tag
Caveats
  • Supply blocks, unpowered buildings, or Contaminate may cause inaccurate times.
  • Supply counts are checked every 10 seconds.